| TOP OF THE 1ST |
|
Tri-City Dust Devils batting - Pitching for Cincinnati (NYP) Reds : RHP Ace Gaskins
|
|
Pitching: RHP Ace Gaskins
|
|
|
Batting: LHB Ramon Vega
|
0-0: Called Strike 0-1: Fly out, F8 (Flyball, 8LM, EV 84.4 MPH)
|
|
Batting: SHB Yutaro Takahashi
|
0-0: Fly out, F8 (Flyball, 8LM, EV 87.5 MPH)
|
|
Batting: RHB Eric McMillian
|
0-0: Ball 1-0: Ball 2-0: Fly out, F3 (Popup, 3F, EV 73.8 MPH)
|
| Top of the 1st over - 0 runs, 0 hits, 0 errors, 0 left on base; Tri-City 0 - Cincinnati (NYP) 0 |
| BOTTOM OF THE 1ST |
|
Cincinnati (NYP) Reds batting - Pitching for Tri-City Dust Devils : RHP Nick Goodlow
|
|
Pitching: RHP Nick Goodlow
|
|
|
Batting: RHB Jon Marquez
|
0-0: Ball 1-0: Fly out, F8 (Flyball, 89D, EV 96.2 MPH)
|
|
Batting: RHB Randy Grewe
|
0-0: Called Strike 0-1: Ball 1-1: Called Strike 1-2: Ball 2-2: Ball 3-2: Ground out U3 (Groundball, 34D, EV 105.6 MPH)
|
|
Batting: RHB David Clough
|
0-0: Called Strike 0-1: Called Strike 0-2: Strikes out swinging
|
| Bottom of the 1st over - 0 runs, 0 hits, 0 errors, 0 left on base; Tri-City 0 - Cincinnati (NYP) 0 |
| TOP OF THE 2ND |
|
Tri-City Dust Devils batting - Pitching for Cincinnati (NYP) Reds : RHP Ace Gaskins
|
|
Batting: LHB Chad Cutler
|
0-0: Ball 1-0: Ball 2-0: Called Strike 2-1: Foul Ball, location: 2F 2-2: Foul Ball, location: 2F 2-2: Ground out 6-3 (Groundball, 6, EV 101.2 MPH)
|
|
Batting: RHB Edgardo Rivera
|
0-0: Called Strike 0-1: Called Strike 0-2: Ball 1-2: Ball 2-2: Ground out 6-3 (Groundball, 6, EV 77.5 MPH)
|
|
Batting: RHB Hector Fernandez
|
0-0: Called Strike 0-1: Called Strike 0-2: Ball 1-2: Ball 2-2: Foul Ball, location: 2F 2-2: Foul Ball, location: 2F 2-2: Ball 3-2: Strikes out swinging
|
| Top of the 2nd over - 0 runs, 0 hits, 0 errors, 0 left on base; Tri-City 0 - Cincinnati (NYP) 0 |
| BOTTOM OF THE 2ND |
|
Cincinnati (NYP) Reds batting - Pitching for Tri-City Dust Devils : RHP Nick Goodlow
|
|
Batting: LHB Brian Dickeson
|
0-0: Fly out, F8 (Flyball, 89S, EV 85.0 MPH)
|
|
Batting: RHB Kevin Larner
|
0-0: Called Strike 0-1: Ball 1-1: Swinging Strike 1-2: DOUBLE (Line Drive, 7LS, EV 91.9 MPH)
|
|
Batting: SHB Cesar Pelayo
|
0-0: Called Strike 0-1: Ball 1-1: Ball 2-1: Ball 3-1: Base on Balls
|
|
Batting: RHB Tim Walter
|
0-0: Ball 1-0: Ball 2-0: Ball 3-0: Called Strike 3-1: Base on Balls Kevin Larner to third Cesar Pelayo to second
|
|
Batting: LHB Jason Pirkle
|
0-0: Called Strike 0-1: Fielders Choice at 2nd, 6-4 (Groundball, 6, EV 88.8 MPH) Kevin Larner scores Cesar Pelayo to third
|
|
Batting: RHB Cyd Carver
|
0-0: Called Strike 0-1: Foul Ball, location: 2F 0-2: Foul Ball, location: 2F 0-2: Ball 1-2: Strikes out swinging
|
| Bottom of the 2nd over - 1 run, 1 hit, 0 errors, 2 left on base; Tri-City 0 - Cincinnati (NYP) 1 |
| TOP OF THE 3RD |
|
Tri-City Dust Devils batting - Pitching for Cincinnati (NYP) Reds : RHP Ace Gaskins
|
|
Batting: RHB Mike MacLeod
|
0-0: Ball 1-0: Called Strike 1-1: Swinging Strike 1-2: Ball 2-2: Strikes out looking
|
|
Batting: RHB Max Stillo
|
0-0: Foul Ball, location: 2F 0-1: Swinging Strike 0-2: Ball 1-2: Ball 2-2: Foul Ball, location: 2F 2-2: Foul Ball, location: 2F 2-2: Strikes out swinging
|
|
Batting: RHB Oren Jones
|
0-0: Called Strike 0-1: Ball 1-1: Ground out 6-3 (Groundball, 56, EV 85.6 MPH)
|
| Top of the 3rd over - 0 runs, 0 hits, 0 errors, 0 left on base; Tri-City 0 - Cincinnati (NYP) 1 |
| BOTTOM OF THE 3RD |
|
Cincinnati (NYP) Reds batting - Pitching for Tri-City Dust Devils : RHP Nick Goodlow
|
|
Batting: RHB Jon Marquez
|
0-0: Fly out, F8 (Flyball, 78M, EV 84.4 MPH)
|
|
Batting: RHB Randy Grewe
|
0-0: Foul Ball, location: 2F 0-1: Ball 1-1: Ball 2-1: Foul Ball, location: 2F 2-2: Foul Ball, location: 2F 2-2: Ball 3-2: Base on Balls
|
|
Batting: RHB David Clough
|
0-0: Ball 1-0: Ball 2-0: Ball 3-0: Called Strike 3-1: Fly out, F8 (Flyball, 78D, EV 85.6 MPH)
|
|
Batting: LHB Brian Dickeson
|
0-0: Called Strike 0-1: Called Strike 0-2: Ball 1-2: Strikes out looking
|
| Bottom of the 3rd over - 0 runs, 0 hits, 0 errors, 1 left on base; Tri-City 0 - Cincinnati (NYP) 1 |
| TOP OF THE 4TH |
|
Tri-City Dust Devils batting - Pitching for Cincinnati (NYP) Reds : RHP Ace Gaskins
|
|
Batting: LHB Ramon Vega
|
0-0: Foul Ball, location: 2F 0-1: Fly out, F7 (Flyball, 78M, EV 95.0 MPH)
|
|
Batting: SHB Yutaro Takahashi
|
0-0: Ball 1-0: Ball 2-0: DOUBLE (Groundball, 5L, EV 96.2 MPH)
|
|
Batting: RHB Eric McMillian
|
0-0: Ball 1-0: Ball 2-0: Ball Passed Ball! Yutaro Takahashi to third 3-0: Called Strike 3-1: Foul Ball, location: 2F 3-2: Fly out, F8 (Flyball, 78D, EV 106.2 MPH) Runner from 3rd tags up, SCORES, no throw by CF
|
|
Batting: LHB Chad Cutler
|
0-0: Called Strike 0-1: Called Strike 0-2: Ball 1-2: Ball 2-2: Ball 3-2: Strikes out swinging
|
| Top of the 4th over - 1 run, 1 hit, 0 errors, 0 left on base; Tri-City 1 - Cincinnati (NYP) 1 |
| BOTTOM OF THE 4TH |
|
Cincinnati (NYP) Reds batting - Pitching for Tri-City Dust Devils : RHP Nick Goodlow
|
|
Batting: RHB Kevin Larner
|
0-0: Ball 1-0: Swinging Strike 1-1: Foul Ball, location: 2F 1-2: Strikes out swinging
|
|
Batting: SHB Cesar Pelayo
|
0-0: Ball 1-0: Ground out 4-3 (Groundball, 4, EV 96.2 MPH)
|
|
Batting: RHB Tim Walter
|
0-0: Called Strike 0-1: Ground out 6-3 (Groundball, 6, EV 102.5 MPH)
|
| Bottom of the 4th over - 0 runs, 0 hits, 0 errors, 0 left on base; Tri-City 1 - Cincinnati (NYP) 1 |
| TOP OF THE 5TH |
|
Tri-City Dust Devils batting - Pitching for Cincinnati (NYP) Reds : RHP Ace Gaskins
|
|
Batting: RHB Edgardo Rivera
|
0-0: Ball 1-0: Called Strike 1-1: Ground out 5-3 (Groundball, 56, EV 86.9 MPH)
|
|
Batting: RHB Hector Fernandez
|
0-0: Ball 1-0: Called Strike 1-1: Called Strike 1-2: Strikes out swinging
|
|
Batting: RHB Mike MacLeod
|
0-0: Called Strike 0-1: Swinging Strike 0-2: Ball 1-2: Ball 2-2: SINGLE (Groundball, 6MD, EV 95.0 MPH)
|
|
Batting: RHB Max Stillo
|
0-0: Called Strike 0-1: Fielders Choice at 2nd, 6-4 (Groundball, 56, EV 106.2 MPH)
|
| Top of the 5th over - 0 runs, 1 hit, 0 errors, 1 left on base; Tri-City 1 - Cincinnati (NYP) 1 |
| BOTTOM OF THE 5TH |
|
Cincinnati (NYP) Reds batting - Pitching for Tri-City Dust Devils : RHP Nick Goodlow
|
|
Batting: LHB Jason Pirkle
|
0-0: Ground out 6-3 (Groundball, 6MD, EV 81.2 MPH)
|
|
Batting: RHB Cyd Carver
|
0-0: Ball 1-0: Ball 2-0: Foul Ball, location: 2F 2-1: Ball 3-1: Base on Balls
|
|
Batting: RHB Jon Marquez
|
0-0: Ball 1-0: Fielders Choice at 2nd, 6-4 (Groundball, 6, EV 83.8 MPH)
|
|
Batting: RHB Randy Grewe
|
0-0: Ball 1-0: Ball Jon Marquez steals 2nd, throwing error, E2 Jon Marquez to third 2-0: Called Strike 2-1: Ball 3-1: Ground out 6-3 (Groundball, 56, EV 88.8 MPH)
|
| Bottom of the 5th over - 0 runs, 0 hits, 1 error, 1 left on base; Tri-City 1 - Cincinnati (NYP) 1 |
| TOP OF THE 6TH |
|
Tri-City Dust Devils batting - Pitching for Cincinnati (NYP) Reds : RHP Ace Gaskins
|
|
Batting: RHB Oren Jones
|
0-0: Foul Ball, location: 2F 0-1: Ball 1-1: Ball 2-1: Fly out, F8 (Flyball, 8LS, EV 82.5 MPH)
|
|
Batting: LHB Ramon Vega
|
0-0: Ball 1-0: Ball 2-0: Ground out 4-3 (Groundball, 4M, EV 81.2 MPH)
|
|
Batting: SHB Yutaro Takahashi
|
0-0: Called Strike 0-1: Ball 1-1: Ball 2-1: Foul Ball, location: 2F 2-2: Ball 3-2: Foul Ball, location: 2F 3-2: Foul Ball, location: 2F 3-2: SINGLE (Groundball, P, EV 88.8 MPH) (infield hit)
|
|
Batting: RHB Eric McMillian
|
0-0: Ball Yutaro Takahashi is caught stealing 2nd base 2-4
|
| Top of the 6th over - 0 runs, 1 hit, 0 errors, 0 left on base; Tri-City 1 - Cincinnati (NYP) 1 |
| BOTTOM OF THE 6TH |
|
Cincinnati (NYP) Reds batting - Pitching for Tri-City Dust Devils : RHP Nick Goodlow
|
|
Batting: RHB David Clough
|
0-0: Ball 1-0: Ball 2-0: Called Strike 2-1: Foul Ball, location: 2F 2-2: Strikes out swinging
|
|
Batting: LHB Brian Dickeson
|
0-0: Ball 1-0: Ball 2-0: Foul Ball, location: 2F 2-1: SINGLE (Flyball, 4D, EV 85.6 MPH)
|
|
Batting: RHB Kevin Larner
|
0-0: Ball 1-0: Ball 2-0: Foul Ball, location: 2F 2-1: Foul Ball, location: 2F 2-2: Foul Ball, location: 2F 2-2: Ball 3-2: Strikes out swinging
|
|
Batting: SHB Cesar Pelayo
|
0-0: Fly out, F4 (Line Drive, 34D, EV 65.6 MPH)
|
| Bottom of the 6th over - 0 runs, 1 hit, 0 errors, 1 left on base; Tri-City 1 - Cincinnati (NYP) 1 |
| TOP OF THE 7TH |
|
Tri-City Dust Devils batting - Pitching for Cincinnati (NYP) Reds : RHP Ace Gaskins
|
|
Batting: RHB Eric McMillian
|
0-0: Called Strike 0-1: Ground out 5-3 (Groundball, 56S, EV 86.2 MPH)
|
|
Batting: LHB Chad Cutler
|
0-0: Foul Ball, location: 2F 0-1: Foul Ball, location: 2F 0-2: Foul Ball, location: 2F 0-2: Foul Ball, location: 2F 0-2: Ball 1-2: Foul Ball, location: 2F 1-2: Ball 2-2: Foul Ball, location: 2F 2-2: Ground out 5-3 (Groundball, 56S, EV 66.9 MPH)
|
|
Pitching: RHP Chris Miles
|
|
|
Batting: RHB Edgardo Rivera
|
0-0: Called Strike 0-1: Ball 1-1: Foul Ball, location: 2F 1-2: Strikes out swinging
|
| Top of the 7th over - 0 runs, 0 hits, 0 errors, 0 left on base; Tri-City 1 - Cincinnati (NYP) 1 |
| BOTTOM OF THE 7TH |
|
Cincinnati (NYP) Reds batting - Pitching for Tri-City Dust Devils : RHP Nick Goodlow
|
|
Pitching: RHP Jamal Kilburn
|
|
|
Batting: RHB Tim Walter
|
0-0: Ball 1-0: Called Strike 1-1: Foul Ball, location: 2F 1-2: Strikes out looking
|
|
Batting: LHB Jason Pirkle
|
0-0: Called Strike 0-1: Ball 1-1: Foul Ball, location: 2F 1-2: Strikes out swinging
|
|
Batting: RHB Cyd Carver
|
0-0: Ground out 6-3 (Groundball, 6, EV 85.0 MPH)
|
| Bottom of the 7th over - 0 runs, 0 hits, 0 errors, 0 left on base; Tri-City 1 - Cincinnati (NYP) 1 |
| TOP OF THE 8TH |
|
Tri-City Dust Devils batting - Pitching for Cincinnati (NYP) Reds : RHP Chris Miles
|
|
Batting: RHB Hector Fernandez
|
0-0: Ball 1-0: Ball 2-0: Swinging Strike 2-1: DOUBLE (Flyball, 78D, EV 101.9 MPH)
|
|
Pinch Hitting: SHB Isaiah Scates
|
0-0: Intentional Walk
|
|
Pinch Hitting: LHB Phil Lerner
|
0-0: Fielders Choice at 2nd, 4-6 (Groundball, 34D, EV 103.1 MPH) Hector Fernandez to third
|
|
Batting: RHB Oren Jones
|
0-0: Ball 1-0: Ball 2-0: Foul Ball, location: 2F 2-1: Ball 3-1: Called Strike 3-2: Base on Balls Phil Lerner to second
|
|
Batting: LHB Ramon Vega
|
0-0: Foul Ball, location: 2F 0-1: Ball 1-1: Foul Ball, location: 2F 1-2: Hit by Pitch Hector Fernandez scores Phil Lerner to third Oren Jones to second
|
|
Pitching: LHP Jeff Wall
|
|
|
Batting: SHB Yutaro Takahashi
|
0-0: Called Strike 0-1: Swinging Strike 0-2: Ball 1-2: Strikes out swinging
|
|
Batting: RHB Eric McMillian
|
0-0: Ball 1-0: Called Strike 1-1: Swinging Strike 1-2: Strikes out swinging
|
| Top of the 8th over - 1 run, 1 hit, 0 errors, 3 left on base; Tri-City 2 - Cincinnati (NYP) 1 |
| BOTTOM OF THE 8TH |
|
Cincinnati (NYP) Reds batting - Pitching for Tri-City Dust Devils : RHP Jamal Kilburn
|
|
Now at 1B: Phil Lerner
|
|
|
Now at 3B: Ed Oake
|
|
|
Now at SS: Oren Jones
|
|
|
Pinch Hitting: LHB Matthew Berry
|
0-0: Called Strike 0-1: Foul Ball, location: 2F 0-2: Ball 1-2: SINGLE (Groundball, 4D, EV 98.1 MPH)
|
|
Batting: RHB Randy Grewe
|
0-0: Bunted foul 0-1: Ball 1-1: Sac Bunt to 13 - play at second, runner OUT! 1-6
|
|
Batting: RHB David Clough
|
0-0: Called Strike 0-1: Swinging Strike 0-2: Strikes out looking
|
|
Batting: LHB Brian Dickeson
|
0-0: Swinging Strike 0-1: Ball 1-1: Ball 2-1: Called Strike 2-2: Ball 3-2: Foul Ball, location: 2F 3-2: Foul Ball, location: 2F 3-2: Strikes out swinging
|
| Bottom of the 8th over - 0 runs, 1 hit, 0 errors, 1 left on base; Tri-City 2 - Cincinnati (NYP) 1 |
| TOP OF THE 9TH |
|
Tri-City Dust Devils batting - Pitching for Cincinnati (NYP) Reds : LHP Jeff Wall
|
|
Now in LF: Brian Dickeson
|
|
|
Now in RF: R.J. Romberg
|
|
|
Batting: LHB Chad Cutler
|
0-0: Foul Ball, location: 2F 0-1: Called Strike 0-2: Ball 1-2: Strikes out swinging
|
|
Batting: RHB Edgardo Rivera
|
0-0: Called Strike 0-1: Foul Ball, location: 2F 0-2: Foul Ball, location: 2F 0-2: Strikes out swinging
|
|
Batting: RHB Hector Fernandez
|
0-0: Swinging Strike 0-1: Ball 1-1: Called Strike 1-2: Strikes out swinging
|
| Top of the 9th over - 0 runs, 0 hits, 0 errors, 0 left on base; Tri-City 2 - Cincinnati (NYP) 1 |
| BOTTOM OF THE 9TH |
|
Cincinnati (NYP) Reds batting - Pitching for Tri-City Dust Devils : RHP Jamal Kilburn
|
|
Pitching: RHP Hisatada Sekiguchi
|
|
|
Batting: RHB Kevin Larner
|
0-0: Foul Ball, location: 2F 0-1: Swinging Strike 0-2: Ball 1-2: Ball 2-2: Ground out 1-3 (Groundball, 13S, EV 71.2 MPH)
|
|
Batting: SHB Cesar Pelayo
|
0-0: Ball 1-0: Called Strike 1-1: Ball 2-1: SINGLE (Groundball, 4MD, EV 94.4 MPH)
|
|
Pinch Hitting: SHB Tim Utz
|
0-0: Called Strike 0-1: Ball 1-1: Foul Ball, location: 2F 1-2: Strikes out swinging
|
|
Batting: LHB Jason Pirkle
|
0-0: Ball Wild Pitch! Cesar Pelayo to second 1-0: Foul Ball, location: 2F 1-1: Ball 2-1: Ball 3-1: Ground out 3-1 (Groundball, 34S, EV 80.0 MPH)
|
| Bottom of the 9th over - 0 runs, 1 hit, 0 errors, 1 left on base; Tri-City 2 - Cincinnati (NYP) 1 |
|